 Dungeon Crawl Stone Soup version 0.28-a0-1184-g53156a8862 (webtiles) character file.

Game seed: 7538368137664322525

2 ytrimaz the Insei (level 1, 0/13 HPs)
             Began as an Octopode Transmuter on Dec 18, 2021.
             Slain by a jackal (1 damage)
             ... on level 1 of the Dungeon.
             The game lasted 00:00:40 (99 turns).

ytrimaz the Insei (Octopode Transmuter)               Turns: 99, Time: 00:00:41

Health: 0/13       AC:  1    Str:  9    XL:     1   Next: 30%
Magic:  2/3        EV: 13    Int: 15    God:
Gold:   0          SH:  0    Dex: 12    Spells: 3/4 levels left

rFire   . . .      SeeInvis .     - Unarmed
rCold   . . .      Faith    .   (no shield)
rNeg    . . .      Spirit   .   (helmet currently unavailable)
rPois   .          Reflect  .   (no amulet)
rElec   .          Harm     .   (no ring)
rCorr   .          Rampage  .   (no ring)
Will    .....                   (no ring)
Stlth   ++........              (no ring)
HPRegen 0.04/turn               (no ring)
MPRegen 0.08/turn               (no ring)
                                (no ring)
                                (no ring)

@: appendages
A: tentacle spike 3, almost no armour, amphibious, 8 rings, camouflage 1,
gelatinous body 1, (nimble swimmer 1), tentacles
a: End Transformation


You were on level 1 of the Dungeon.
One of your tentacles had grown a beastly spike.
You visited 1 branch of the dungeon, and saw 1 of its levels.

You aren't carrying anything.


   Skills:
 * Level 1.0 Fighting
 - Level 2.0 Dodging
 + Level 3.0 Unarmed Combat
 * Level 2.0 Spellcasting
 * Level 2.0 Transmutations


You had 3 spell levels left.
You knew the following spells:

 Your Spells              Type           Power      Damage    Failure   Level
a - Beastly Appendage     Tmut           14%        N/A       10%         1

Your spell library contained the following spells:

 Spells                   Type           Power      Damage    Failure   Level
 Wereblood                Tmut           7%         N/A       14%         2
 Spider Form              Tmut/Pois      4%         N/A       41%         3
 Ice Form                 Ice/Tmut       4%         N/A       82%         4


Dungeon Overview and Level Annotations

Branches:
Dungeon (1/15)

Altars:

Shops:
D:1 :


Innate Abilities, Weirdness & Mutations

One of your tentacles has grown a beastly spike.
You cannot wear most types of armour.
You are amphibious.
You can wear up to eight rings at the same time.
Your skin changes colour to match your surroundings (Stealth+).
Your rubbery body absorbs attacks. (AC +1, EV +1)
((You are camouflaged near water. (Stealth+)))
You have tentacles for arms and can constrict up to eight enemies at once.


Message History

You can't go down here!
There is an entrance to Afoz Iga's Book Shoppe here.
HP restored.
A hobgoblin comes into view.
A hobgoblin is nearby!
A hobgoblin is nearby!
Found a scroll labelled YLAHIL ISAKHAR.
a - a scroll labelled FITWAE VURHAGU
As you read the scroll labelled FITWAE VURHAGU, it crumbles to dust.
You feel strangely unstable.
It was a scroll of teleportation.
Your surroundings suddenly seem different.
A jackal comes into view.
Found a murky dark potion.
A ball python comes into view.
The ball python hisses angrily.
The jackal barks!
You hear a bark! x2
A jackal comes into view.
A jackal comes into view.
The jackal closely misses you.
One of your tentacles grows a vicious spike.
The ball python bites you but does no damage.
The ball python misses you. The jackal bites you.
The jackal bites you but does no damage.
The ball python bites you. The ball python closely misses you.
You barely miss the jackal. You grab the jackal. You constrict the jackal.
The jackal bites you.
The jackal struggles to escape constriction.
The ball python bites you. The ball python grabs you.
The ball python constricts you. The jackal barely misses you.
You closely miss the jackal. You grab the jackal. You constrict the jackal. x2
The jackal escapes!
A jackal comes into view.
The jackal closely misses you. The ball python closely misses you.
The ball python constricts you.
* * * LOW HITPOINT WARNING * * *
The jackal bites you.
* * * LOW HITPOINT WARNING * * *
You escape the ball python's grasp.
You release your grip on the jackal.
The jackal barks!
The jackal bites you.
You die...

.#. #. ... ..
. ...#.
#.##.#.
......######
...h......#
#.S....#
#h.....#
#.h@...#
#.h....#
....#.#......
#.####...###.#
###### # #####
# #....#
#.≈§.#####
'.≈§.'.'.#
'.≈≈.'.'.#


You could see 4 jackals and a ball python.

Vanquished Creatures
  A bat (D:1)
  A frilled lizard (D:1)
2 creatures vanquished.

Notes
Turn   | Place    | Note
-------+----------+-------------------------------------------
     0 | D:1      | ytrimaz the Octopode Transmuter began the quest for the
                  | Orb.
     0 | D:1      | Reached XP level 1. HP: 13/13 MP: 3/3
    17 | D:1      | Found Zukuip's Assorted Antiques.
    18 | D:1      | Found Afoz Iga's Book Shoppe.
    99 | D:1      | Slain by a jackal

Illustrated notes

Levels and vault maps discovered:
D:1:      lightli_arrival_lavapool, layout_loops_cross, serial_shops, shop,
          shop, shapermc_ecumenical_altar_gd

Action                   || total
-------------------------++-------
Melee: Unarmed           ||     5
       Constrict         ||     3
 Cast: Beastly Appendage ||     1
  Use: Scroll            ||     1
Armor: Skin              ||     7
Dodge: Dodged            ||    12

Table legend: (Time is in decaauts)
 A = Elapsed time spent in this place.
 B = Non-inter-level travel time spent in this place.
 C = Inter-level travel time spent in this place.
 D = Time resting spent in this place.
 E = Time spent auto-exploring this place.
 F = Levels seen in this place.
 G = Mean time per level.
                   A        B        C        D        E       F      G
               +--------+--------+--------+--------+--------+-----+--------+
         Total |     98 |     98 |      0 |      0 |     53 |   1 |   98.0 |
       Dungeon |     98 |     98 |      0 |      0 |     53 |   1 |   98.0 |
               +--------+--------+--------+--------+--------+-----+--------+

Top non-repeatable levels by time:
     D:1: 98 daAuts
